[Event "Bangabandhu Premier Div League 2022"]
[Site "Dhaka"]
[Date "2022.12.09"]
[Round "10.8"]
[White "Chatterjee, Debaraj"]
[Black "Zia, Tahsin Tajwar"]
[Result "0-1"]
[ECO "E11"]
[WhiteElo "2196"]
[BlackElo "2241"]
[Annotator "TA"]
[PlyCount "92"]
[EventDate "2022.12.01"]
[EventCountry "BAN"]
[SourceTitle "playchess.com"]
[Source "ChessBase"]
[SourceQuality "1"]
[TimeControl "40/5400+30:1800+30"]

1. d4 d5 2. c4 e6 3. Nf3 Nf6 4. g3 Bb4+ 5. Bd2 a5 6. Bg2 O-O 7. a3 Be7 8. Qc2 c6 9. O-O Nbd7 10. Bf4 {[%emt 0:01:57] E11: Bogo-Indian.} b6 11. Nc3 Ba6 (11... dxc4 {keeps more tension.} 12. Nd2 Nd5 13. Nxc4 Ba6) 12. cxd5 {[%emt 0:18:33] The position is equal.} cxd5 {[%emt 0:00:30] [#]} 13. Rac1 $146 ({Predecessor:} 13. a4 Rc8 14. Qd1 Rc4 15. Rc1 Qa8 16. b3 Rc6 17. Nb5 Rxc1 18. Qxc1 Rc8 19. Qb2 Bxb5 20. axb5 {½-½ (44) Andreikin,D (2729)-Le,Q (2709) Chess.com INT 2022}) 13... Rc8 14. Qd1 b5 15. a4 b4 16. Nb5 Qb6 (16... Rxc1 {simplifies} 17. Bxc1 Qb6 18. Qd3 Ne4) 17. Qd3 Ne4 18. Nd2 (18. Rfe1 $15 {was preferrable.}) 18... g5 $17 19. Be3 Nd6 {[%emt 0:00:00][%cal Rd6b5] Black is more active.} 20. Nf3 (20. Nb3 $17) 20... Bxb5 21. axb5 Qxb5 22. Qb1 (22. Qd1 $17) 22... Ne4 (22... Qxe2 23. Rfe1 Rxc1 24. Bxc1 $15) 23. Qd3 Qxd3 24. exd3 Nd6 25. Nxg5 Bxg5 ({Better is} 25... Rxc1 26. Rxc1 Rc8) 26. Bxg5 Nb5 27. Be3 (27. Rxc8 $142 Rxc8 28. Ra1) 27... a4 (27... Rxc1 $1 $17 28. Rxc1 a4) 28. Bf3 (28. Rb1 $15) 28... a3 (28... Rxc1 $1 $19 {is more deadly.} 29. Rxc1 a3) 29. bxa3 (29. Rb1 $17) 29... bxa3 (29... Rxc1 $1 $19 30. Rxc1 bxa3) 30. Rb1 Rb8 31. Rfc1 {[%emt 0:00:00] [#] Inhibits Nc3.} Rb6 (31... Nc3 $142 $1 32. Rxb8 (32. Ra1 Rb3) 32... Rxb8 33. Rxc3 a2) 32. Ra1 Ra8 33. Ra2 Nd6 34. Rc3 (34. Rca1 $17 {keeps fighting.}) 34... Rb1+ $19 35. Kg2 Nb5 36. Rcc2 Nb6 {[%emt 0:00:00] aiming for ...Na4.} 37. h4 $2 (37. Rc5) 37... Na4 {[%emt 0:00:00] ...Nac3 is the strong threat. Black is clearly winning.} 38. Rc1 Rxc1 39. Bxc1 Nac3 (39... Nxd4 $2 {perishes.} 40. h5 $19 (40. Rxa3 $2 {too greedy.} Nc2 $19)) 40. Ra1 (40. Rc2 $142) 40... a2 ({Stronger than} 40... Nxd4 41. Rxa3 Rxa3 42. Bxa3 $17) 41. Bb2 Ra4 42. Re1 Rb4 43. Ba1 Rb1 44. Kf1 Na4 {[%emt 0:00:00] Pair of Knights!} 45. Ke2 Na3 {[%emt 0:02:00] ( -> ...Nc2)} 46. Rd1 Nc2 {[%emt 0:00:00] Weighted Error Value: White=0.92/Black=0.19 (very precise)} 0-1

[Event "Bangabandhu Premier Div League 2022"]
[Site "Dhaka"]
[Date "2022.12.09"]
[Round "10.10"]
[White "Habibur Rahman, Sohel"]
[Black "Rahman, Siddiqur"]
[Result "1/2-1/2"]
[ECO "C28"]
[WhiteElo "1871"]
[BlackElo "1970"]
[Annotator "TA"]
[PlyCount "141"]
[EventDate "2022.11.30"]
[EventType "team-tourn"]
[EventCountry "BAN"]
[SourceTitle "playchess.com"]
[Source "ChessBase"]
[SourceQuality "1"]
[TimeControl "40/5400+30:1800+30"]

1. e4 e5 2. Bc4 Nc6 3. a3 Nf6 4. Nc3 Bc5 5. d3 h6 6. h3 {[%emt 0:02:34] C28: Vienna Game: 2...Nf6 3 Bc4 Nc6.} a6 7. Nge2 d6 8. O-O O-O 9. Kh2 b5 (9... Be6 {with more complications.} 10. Ng3 Ng4+ 11. Kg1 Qh4) 10. Ba2 {[%emt 0:02:29] [#]} Be6 $146 ({Predecessor:} 10... b4 11. Na4 Ba7 12. f4 exf4 13. Nxf4 d5 14. Nxd5 Nxd5 15. exd5 Nd4 16. axb4 Nf5 {1-0 (25) Stoll,V (871)-Uhlig,J (747) Dittrichshuette 2004}) 11. f4 Bxa2 12. Rxa2 {[%emt 0:05:53] [#]} (12. Nxa2 {is more complex.} Ng4+ 13. Kg3 exf4+ 14. Nxf4 Ne3 15. Bxe3 Bxe3 16. Nc3) 12... Ng4+ $1 13. Kg3 $1 Ne3 14. Bxe3 Bxe3 15. f5 Bg5 16. Kh2 Ne7 17. Qe1 c6 18. Qg3 Bf6 19. Qg4 d5 20. Ng3 Kh7 21. Nh5 Ng8 22. exd5 (22. Raa1 {keeps more tension.} Bg5 23. h4 Bf6 24. Rae1) 22... cxd5 23. Qf3 g6 24. Ng3 Ne7 25. Raa1 Qd6 $2 {[%emt 0:00:40] [#]} (25... h5 $17) 26. Kh1 $2 (26. Nge4 $1 $16 dxe4 27. Nxe4) 26... Rad8 (26... Bh4 $15 27. Nce2 Bf6) 27. Rae1 (27. Nce4 $11 dxe4 28. Nxe4) 27... g5 (27... Qc6 $15) 28. Nh5 Rfe8 {[%emt 0:02:40] [#]} 29. Nxd5 $1 {[%emt 0:03:07] White has more active pieces.} Nxd5 {[%emt 0:01:08] [#]} 30. Qxd5 $1 {[%emt 0:00:31][%mdl 64] Remove Defender} Qxd5 31. Nxf6+ Kg7 32. Nxd5 Rxd5 $14 {[%emt 0:00:02][%mdl 4096] Endgame KRR-KRR} 33. Re4 Rc8 34. Rf2 f6 (34... Rdc5 $14) 35. Kg1 h5 36. g4 h4 37. Kf1 Kf7 38. Ke1 Ke7 39. Kd2 Kd6 40. Rfe2 Rc4 {[%emt 0:01:39] [#]} (40... a5 $16) 41. Ke3 (41. Rxc4 bxc4 42. Re4) (41. Rxc4 $1 $18 {has better winning chances.} bxc4 42. Re4) 41... Rcd4 (41... Rxe4+ 42. Kxe4 Rd4+ 43. Ke3 Rf4) (41... Rxe4+ $16 42. Kxe4 Rd4+ 43. Ke3 a5) 42. Rd2 $18 {[%emt 0:00:46] And now b4 would win.} a5 (42... Ke7 43. c3 Rxe4+ 44. Kxe4 (44. dxe4 Rc5) 44... Rd8) (42... Kc7 43. c3 Rxe4+ 44. Kxe4 (44. dxe4 Rc5 $16) 44... Rc5) 43. c3 (43. b4 $142 Kc7 44. c3 (44. bxa5 Rxe4+ 45. dxe4 Rc5 $11)) 43... Rxe4+ (43... Ra4 $142 44. c4 Rc5) 44. Kxe4 $2 {[%emt 0:00:00] KR-KR} (44. dxe4 Rxd2 45. Kxd2) 44... a4 (44... Rc5 {keeps fighting.} 45. d4 Rc4) 45. d4 {[%emt 0:00:00] dxe5+ would kill now.} Kc6 46. Rd3 exd4 47. cxd4 {[%emt 0:00:00] White wants to mate with Rc3+.} (47. Rxd4 Re5+ 48. Kd3 Re1 $11) 47... Rd8 48. d5+ Kd6 49. Rc3 Re8+ 50. Kd4 {[%emt 0:00:00] aiming for Rc6+.} Re2 51. Rc6+ Kd7 52. Rxf6 {[%emt 0:00:00] Threatens to win with Ra6.} Rxb2 53. Kc5 {[%emt 0:00:00] Black must now prevent Rf7+.} Rb3 $2 (53... Rc2+ 54. Kxb5 Rh2 55. Kxa4 (55. Rf7+ Kd6 $16) 55... Rxh3) 54. Rf7+ Ke8 55. Rg7 Rxa3 {[%emt 0:00:00] [#]} (55... b4 $142 56. axb4 (56. Rxg5 bxa3 57. Rg8+ Kf7 $14) 56... Rc3+ 57. Kd6 Rxh3 58. Re7+ (58. Rxg5 Kf7 $16) 58... Kf8) 56. d6 $1 ({Weaker is} 56. Rxg5 Rxh3 57. Rh5 (57. Kxb5 Rh1 $11) 57... a3 $14) 56... Rxh3 57. f6 Kf8 58. Rxg5 Rc3+ 59. Kxb5 $2 (59. Kd5 $18 {White threatens Ke6 and mate.} Kf7 60. d7 Rd3+ 61. Ke5) 59... Rc8 $2 (59... Rd3 $11) 60. Rh5 (60. d7 $142 Rd8 61. Kc6 (61. Kxa4 Rxd7 62. Rh5 Rd4+ 63. Kb5 Rxg4 $11)) 60... Kf7 61. g5 {[%emt 0:00:13][%cal Od6d7] Threatening mate with d7!} (61. Kxa4 Kxf6 62. Rxh4 Rd8) ({And not} 61. Kxa4 Kxf6 62. Rxh4 Rd8 $11) 61... a3 62. Rxh4 {[%emt 0:03:09] Intending d7 and mate.} Ra8 63. Rh1 a2 64. Ra1 (64. d7 $142 Kg6 65. Ra1) 64... Ke6 65. Kb4 $2 (65. Re1+ Kxd6 66. f7) 65... Kxd6 66. g6 $2 ({White must play} 66. Kb3 $18 Rb8+ 67. Kxa2) 66... Ke6 $11 {[%emt 0:00:12] The position is equal.} 67. f7 {[%emt 0:00:26][%cal Oa1a2] Hoping for Rxa2!} Kf6 68. Rxa2 {[%emt 0:00:24] Dancing on a razor blade.} Rb8+ 69. Kc5 Kxg6 70. Rf2 Rf8 71. Kb5 {[%emt 0:01:48] White really could win this.   Weighted Error Value: White=0.52/Black=0.36} 1/2-1/2

[Event "Bangabandhu Premier Div League 2022"]
[Site "Dhaka"]
[Date "2022.12.09"]
[Round "10.11"]
[White "Nayan Kumar, Mohanto"]
[Black "Abdul, Momin"]
[Result "0-1"]
[ECO "D55"]
[WhiteElo "1976"]
[BlackElo "1900"]
[Annotator "TA"]
[PlyCount "134"]
[EventDate "2022.11.30"]
[EventType "team-tourn"]
[EventCountry "BAN"]
[SourceTitle "playchess.com"]
[Source "ChessBase"]
[SourceQuality "1"]
[TimeControl "40/5400+30:1800+30"]

1. d4 d5 2. c4 e6 3. Nc3 Nf6 4. cxd5 exd5 5. Bg5 Be7 6. e3 b6 7. Nf3 O-O 8. Bd3 Bb7 9. Rc1 Nbd7 10. O-O c5 11. Bb1 Re8 {[%emt 0:03:35] D55: Queen's Gambit Declined: 4 Bg5 Be7: Lines without ...h6 and 6...h6 7 Bxf6.} 12. h3 {[%emt 0:08:00] [#]} a6 $146 ({Predecessor:} 12... Rc8 13. Ne2 Ne4 14. Bxe7 Qxe7 15. dxc5 bxc5 16. Bxe4 Qxe4 17. Ng3 Qe6 18. Re1 g6 19. Qa4 {0-1 (54) Aguiar,C (1764)-Gonzalez Trigal,J (2369) Lisbon 2020}) 13. a4 Ne4 {[%emt 0:10:09] White has an edge.} 14. Bf4 f5 (14... Rc8 $11) 15. dxc5 $16 Ndxc5 16. Nd4 Qd7 (16... Bf6 $16 {was necessary.}) 17. f3 Nxc3 18. Rxc3 g6 {[%emt 0:01:01] [#]} 19. a5 (19. b4 $1 $18) 19... bxa5 $14 20. Nb3 (20. Rf2 $11) 20... Nxb3 21. Qxb3 {[%emt 0:00:11] Rc7 is the strong threat.} Rac8 {[%emt 0:02:30] Inhibits Rc7.} 22. Rfc1 Rxc3 23. Rxc3 Rc8 {[%emt 0:00:14] Inhibits Rc7.} 24. Qb6 Rxc3 25. bxc3 Bd8 26. Qd4 Qc6 {[%emt 0:05:25] Prevents c4.} ({Black should play} 26... Qe6 $11) 27. Ba2 $1 {[%emt 0:04:06][%mdl 1024] White has compensation.} g5 28. Be5 (28. Bg3 $1 $14) 28... Bb6 $11 29. Qd3 f4 $36 {[%emt 0:06:51][%mdl 2048] White is under pressure.} 30. Bd4 fxe3 31. Qxe3 ({Much weaker is} 31. Bb1 Bxd4 32. cxd4 (32. Qxh7+ $2 {loses.} Kf8 $19) 32... Qc1+ 33. Kh2 Qc7+ 34. Kg1 Qe7 $17) 31... Bxd4 32. Qxd4 {[%emt 0:00:37][%mdl 4096] Endgame KQB-KQB} Kf7 33. Qh8 h6 34. Qe5 a4 35. Kh2 Qe6 (35... a3 {is interesting.} 36. Kh1 a5 37. Qe3 Ba6) 36. Qd4 Qd6+ (36... Bc6 {is more complex.} 37. Kh1 Qe1+ 38. Kh2 Ke6) 37. Kh1 a3 38. Qd3 {[%emt 0:01:38] [#] aiming for Qh7+.} Kg7 {[%emt 0:00:28] Prevents Qh7+.} (38... Ke8 $17) 39. c4 d4 (39... Bc6 $5 ) 40. Bb1 (40. c5 $1 $11 Qxc5 41. Qe2) 40... Bc6 $17 41. Kg1 $2 (41. Qh7+ $17 {was worth a try.} Kf8 42. Qf5+ (42. Qh8+ $2 Ke7 $17) 42... Ke7 43. Bd3) 41... Kf8 {[%emt 0:01:31] Active counter play!} 42. Kf2 (42. Ba2 $142) 42... Bd7 43. Ba2 Qc5 44. Ke2 Bf5 {[%emt 0:00:07] Against Qg6. ( -> ...Qe5+)} 45. Qd2 a5 46. h4 Kf7 {[%emt 0:02:23] Strongly threatening ...d3+.} ({Stronger than} 46... gxh4 47. Qxh6+ Ke8 48. Qxh4 $19) 47. hxg5 hxg5 {[%emt 0:00:05] Threatens to win with ...d3+.} 48. Kf1 Kf6 {[%emt 0:01:04] Hoping for ...Qe5.} 49. g4 Bg6 {[%emt 0:02:54] White must now prevent ...Qe5.} 50. f4 {[%emt 0:00:58] Against Qe5} gxf4 51. Qxf4+ Kg7 {[%emt 0:00:03] And now ...Bd3+ would win.} 52. Qd2 {[%emt 0:01:34] Inhibits Bd3+.} (52. Kg2) 52... Qe5 $19 53. Kf2 Qh2+ {[%emt 0:01:00] Black mates.} 54. Ke1 Qg1+ 55. Ke2 Qxg4+ 56. Kf2 Qh4+ 57. Kg1 Qg3+ 58. Qg2 Qxg2+ 59. Kxg2 {[%emt 0:00:01] KB-KB} Kf6 60. Kf3 Ke5 61. Ke2 Kd6 62. Kd2 Kc5 63. Kc1 Bd3 64. Bb3 Bxc4 65. Bd1 Bd3 66. Ba4 Kb4 67. Be8 Kc3 {[%emt 0:00:02] Never resign too early!   Weighted Error Value: White=0.53/Black=0.22 (precise)} 0-1

[Event "Bangabandhu Premier Div League 2022"]
[Site "Dhaka"]
[Date "2022.12.09"]
[Round "10.12"]
[White "Warsia, Khusbu"]
[Black "Swarnavo Choudhury"]
[Result "1/2-1/2"]
[ECO "B44"]
[WhiteElo "1540"]
[BlackElo "1977"]
[Annotator "TA"]
[PlyCount "101"]
[EventDate "2022.11.30"]
[EventType "team-tourn"]
[EventCountry "BAN"]
[SourceTitle "playchess.com"]
[Source "ChessBase"]
[SourceQuality "1"]
[TimeControl "40/5400+30:1800+30"]

1. e4 c5 2. Nf3 e6 3. d4 cxd4 4. Nxd4 Nc6 5. c4 Nf6 6. Nc3 Bb4 7. Nxc6 bxc6 8. Bd3 e5 9. O-O O-O 10. Kh1 {[%emt 0:08:13] 10.h3 is setting a new trend. B44: Sicilian: Taimanov: 5 Nb5.} d6 11. h3 {[#]} Bxc3 $146 (11... Be6 12. f4 exf4 13. Bxf4 Nd7 14. Ne2 Bc5 15. b3 Ne5 16. Qd2 Qb6 17. Rad1 Rad8) ({Predecessor:} 11... Be6 12. f4 exf4 13. Bxf4 Nd7 14. Ne2 Bc5 15. b3 Ne5 16. Qd2 Qb6 17. Rad1 Rad8 {1-0 (32) Zielinski,W (2136)-Kuciel,W (1928) Jastrzebia Gora 2016}) 12. bxc3 {[%emt 0:06:00] Black has an edge.} d5 13. cxd5 (13. exd5 {keeps more tension.} cxd5 14. Bg5 dxc4 15. Bxc4 h6 16. Bh4) 13... cxd5 14. Bg5 dxe4 15. Bxf6 {[%emt 0:00:05][%mdl 64] Remove Defender} Qxf6 16. Bxe4 Rb8 17. Qc2 h6 18. Rab1 Ba6 19. Rxb8 Rxb8 20. Rb1 Rc8 (20... Rxb1+ $11 21. Qxb1 Qb6) 21. Bf5 (21. c4 $14) 21... Rd8 $11 22. c4 {[%emt 0:52:50] [#]} Bxc4 $1 23. Bh7+ Kh8 24. Qxc4 (24. Be4 $15 Qe6 25. Rb7) 24... Kxh7 $15 {[%emt 0:00:10][%mdl 4096] Endgame KQR-KQR} 25. Qe4+ g6 26. Qe3 Qe7 27. Rb5 e4 (27... Rd1+ {with more complications.} 28. Kh2 e4 29. Qf4 Rf1) 28. Qb3 {[%emt 0:00:00] Against Rd1+} (28. Qf4 $1 $15) 28... Rd7 {[%emt 0:01:03] Threatens to win with ...Qf6.} 29. Rb8 (29. a4 $17 {is a better defense.}) 29... Qe5 $19 30. Rb4 (30. a4 $17) 30... Qa1+ (30... a5 $1 $19 31. Ra4 h5) 31. Kh2 $17 Qe5+ (31... Qf6 $17 {Strongly threatening ...Rd3.} 32. Rxe4 Qxf2) 32. g3 $2 {[%emt 0:00:00] [#]} (32. Kh1 $1 $11 {and White has nothing to worry.}) 32... Qf5 (32... e3 $1 $19 {[%cal Re3f2] and Black stays clearly on top.} 33. Rf4 (33. Qxe3 $2 Qxe3 34. fxe3 Rd2+ 35. Kg1 Rxa2 $19) 33... Kg8 34. fxe3 (34. Qxe3 $2 {loses.} Qxe3 35. fxe3 Rd2+ 36. Kg1 Rxa2 $19) 34... Rd2+ 35. Kg1 Qa1+ 36. Rf1 Qxa2 37. Qb8+ Kh7) 33. Qe3 Re7 34. Ra4 a5 35. g4 (35. Rd4 $15) 35... Qe5+ 36. Kg2 Qb5 37. Qa3 (37. Rd4 $17 {might work better.}) 37... Re5 ({Black should try} 37... Qe8 $19 {White must now prevent ...e3.} 38. Qc5 e3 39. fxe3 Qxa4 40. Qxe7 Qxa2+ 41. Kg3 a4) 38. Qf8 $2 {[%emt 0:00:00] [#]} (38. Qb3 $17 Qe8 39. Rc4) 38... Qd7 $2 ({Inferior is} 38... Qxa4 39. Qxf7+ Kh8 40. Qf6+ (40. Qxg6 $2 {perishes.} Qe8 $19) 40... Kh7 41. Qxe5 $11) (38... Qb7 $1 $19 {( -> ...e3+)} 39. Kg1 e3) 39. Rd4 $1 $11 {[%emt 0:00:00][%mdl 64] The position is equal.} Qe7 40. Qxe7 Rxe7 {[%emt 0:00:01] KR-KR} 41. Rd5 Ra7 42. Re5 Kg7 43. Rxe4 Kf6 44. f4 Rb7 {[%emt 0:03:36] aiming for ...Rb2+.} 45. Ra4 Rb5 46. Kf3 Ke6 47. Ke4 Kd6 48. Rd4+ Ke6 49. Ra4 Kd6 50. Rd4+ Ke6 51. Ra4 {[%emt 0:00:00] Weighted Error Value: White=0.47/Black=0.39} 1/2-1/2

[Event "Bangabandhu Premier Div League 2022"]
[Site "Dhaka"]
[Date "2022.12.10"]
[Round "11.1"]
[White "Shawket Bin, Osman Shaon"]
[Black "Murshed, Niaz"]
[Result "1-0"]
[ECO "E49"]
[WhiteElo "2069"]
[BlackElo "2419"]
[Annotator "TA"]
[PlyCount "115"]
[EventDate "2022.11.30"]
[EventType "team-tourn"]
[EventCountry "BAN"]
[SourceTitle "playchess.com"]
[Source "ChessBase"]
[SourceQuality "1"]
[TimeControl "40/5400+30:1800+30"]

1. d4 Nf6 2. c4 e6 3. Nc3 Bb4 4. f3 d5 5. a3 Bxc3+ 6. bxc3 O-O 7. e3 b6 8. cxd5 exd5 9. Bd3 c5 10. Ne2 Ba6 11. O-O Re8 12. Nf4 {[%emt 0:06:26] E49: Nimzo-Indian: Rubinstein: 5 Bd3 d5 6 a3 Bxc3+ 7 bxc3.} Bxd3 13. Qxd3 {[%emt 0:00:58] [#]} Nbd7 $146 ({Predecessor:} 13... Nc6 14. g4 h6 15. Ra2 Rc8 16. Rg2 cxd4 17. cxd4 Nh7 18. h4 Na5 19. g5 hxg5 20. hxg5 Nxg5 {0-1 (39) Viviani,A (2268)-Shagbazyan,T (2415) Chess.com INT 2019}) 14. Ra2 {[%emt 0:01:15][%cal Ba1a2,Ba2g2,Bg2g5][%mdl 32] The position is equal.} Qc7 (14... h6 $11) 15. g4 $1 $16 h6 16. Rg2 cxd4 17. cxd4 Nf8 18. g5 (18. Qb3 $14) 18... hxg5 $11 19. Rxg5 Qd7 $1 20. Rg2 Ne6 (20... Rac8 {is interesting.} 21. Kh1 Ne6 22. Rfg1 Nxf4 23. exf4 Nh5) 21. Ne2 (21. Kh1 {seems wilder.} Rec8 22. Ne2 Rc6 23. Qf5) 21... Nf8 {[%emt 0:08:33] Prevents e4.} 22. Ng3 (22. e4 {is more complex.} dxe4 23. fxe4 Nxe4 24. Bb2) 22... Rac8 23. e4 {[%emt 0:04:31][%cal Be3e4,Be4e5][%mdl 32] Threatens to win with e5.} Ng6 24. e5 Nh7 (24... Qh3 $1 $14) 25. Nf5 $18 Rc6 26. h4 (26. Bd2 $18) 26... Kh8 $16 27. Bd2 Rg8 (27... Ne7 $142 28. Nd6 (28. Nxg7 Rg8 $14) 28... Rxd6 29. exd6 Nf5) 28. h5 (28. f4 $1 $18 {and the rest is easy.}) 28... Ne7 29. Nh4 {[%emt 0:00:48] White is much more active. The black rooks are badly placed.} g5 30. hxg6 fxg6 31. f4 {[%emt 0:08:53] Prevents g5.} Nf5 32. Nf3 (32. Nxf5 $16 Qxf5 33. Qf3) 32... Rg7 $1 $14 33. Kf2 (33. Nh2 $14) 33... Kg8 $11 34. Rh1 (34. Rfg1 $5 ) 34... Rc4 35. Rgh2 Rc6 {[%emt 0:00:44] [#]} (35... Qb5 $11 {keeps the balance.}) 36. Nh4 $1 $36 {[%emt 0:06:53][%mdl 2048] Black is under strong pressure.} Nxh4 (36... Rc4 $16 {keeps fighting.}) 37. Rxh4 $18 Qf5 38. Qb5 Qe6 39. Ke3 (39. Rh6 $142) 39... Rgc7 (39... Rc2 $16 40. Rh6 Rcc7) 40. f5 ({White should play} 40. Rh6 $18 {[%cal Of4f5] Black must now prevent f5!} Rf7 41. R1h4 (41. f5 Rxf5 42. Ke2 Rc4 $11)) 40... gxf5 $16 41. Rh6 {[%emt 0:31:11] Really sharp!} f4+ $2 (41... Qd7 $16 {is tougher.} 42. a4 (42. Rxh7 Rc3+ 43. Bxc3 Rxc3+ 44. Kd2 Qxb5 $11) 42... a6) 42. Kf2 $1 $18 ({And not} 42. Kxf4 Qf7+ 43. Ke3 Ng5 $11) 42... Qxh6 43. Rxh6 Rxh6 44. Qxd5+ ({Less strong is} 44. Bxf4 Rf7 45. Qxd5 Nf8 $18) 44... Kg7 45. Bxf4 Rf7 {[%emt 0:00:00] [#]} 46. Ke3 Rh3+ (46... Rh4 $142) 47. Ke2 {[%emt 0:00:00] White is clearly winning.} Rh4 48. Be3 {[%emt 0:00:00] And now e6 would win.} Rg4 49. Qh1 {[%emt 0:00:00] aiming for e6.} Ng5 50. Bxg5 Rxg5 {[%emt 0:00:00][%mdl 4096] Endgame KQ-KRR} 51. e6 Re7 52. d5 Re8 53. Qa1+ Kg6 54. Qd4 Kf5 55. Kf3 {[%emt 0:00:00] White wants to mate with Qf4+.} Kg6 56. Qd3+ Kh6 57. Qe4 Kg7 58. d6 {[%emt 0:00:00] Weighted Error Value: White=0.37/Black=0.29 (precise)} 1-0

[Event "Bangabandhu Premier Div League 2022"]
[Site "Dhaka"]
[Date "2022.12.10"]
[Round "11.1"]
[White "abzid, Rahman"]
[Black "Rahman, Ziaur"]
[Result "1/2-1/2"]
[ECO "D53"]
[WhiteElo "2043"]
[BlackElo "2464"]
[Annotator "TA"]
[PlyCount "104"]
[EventDate "2022.12.01"]
[EventCountry "BAN"]
[SourceTitle "playchess.com"]
[Source "ChessBase"]
[SourceQuality "1"]
[TimeControl "40/5400+30:1800+30"]

1. d4 e6 2. c4 Nf6 3. Nc3 d5 4. Bg5 Be7 5. e3 h6 6. Bf4 O-O 7. Nf3 Nbd7 8. h3 {[%emt 0:03:00] [#] 8.g4 gains popularity. D53: Queen's Gambit Declined: 4 Bg5 Be7: Early deviations.} Ne4 $146 ({Predecessor:} 8... c5 9. cxd5 Nxd5 10. Nxd5 exd5 11. Be2 g5 12. Bg3 cxd4 13. Nxd4 Bb4+ 14. Kf1 Nf6 15. Qb3 Qe7 {½-½ (44) Kucera,P (2214)-Cakl,Z (2083) Liberec 2021}) 9. cxd5 Nxc3 10. bxc3 {[%emt 0:00:00] White has an edge.} exd5 11. Bd3 c5 12. O-O c4 13. Bc2 Qa5 14. Qd2 b5 15. a3 (15. Rfb1 {with more complications.} Nb6 16. Ne5 Re8 17. Qd1) 15... Nf6 16. Ne5 {[%emt 0:00:30] Threatens to win with Nc6.} Qb6 {[%emt 0:02:00] Inhibits Nc6.} 17. Rfb1 a5 18. f3 {[%emt 0:00:00] White wants to play Ba4.} Qa6 19. e4 (19. h4 {looks sharper.} Re8 20. g4 Nd7 21. Qh2) 19... Ra7 20. Ra2 Rd8 21. g4 Rb7 22. Kh2 (22. Bxh6 {seems wilder.} dxe4 23. Bg5 exf3 24. Qf4) 22... Qe6 23. Bg3 dxe4 (23... h5 {is interesting.} 24. exd5 Nxd5 25. Be4 b4) 24. fxe4 (24. Bxe4 {simplifies} Nxe4 25. fxe4 Re8 26. d5) 24... Nh5 25. Nf3 $2 (25. Nxf7 $1 $11 {and White has nothing to worry.} Qxf7 26. gxh5) 25... Nxg3 $19 26. Kxg3 h5 ({Black should play} 26... b4 $1 $19 {[%cal Rb4b3] White must now prevent ...b3.} 27. axb4 axb4) 27. Qf4 $15 Rb6 ({Black should try} 27... f6 $15 28. e5 fxe5 29. Nxe5 Rf8) 28. e5 $1 $11 h4+ 29. Kh2 Bb7 30. Be4 {[%emt 0:00:00] Prevents Qd5.} (30. Ng5 {keeps more tension.} Bxg5 31. Qxg5 Qd5 32. Be4) 30... Bxe4 31. Qxe4 f6 32. Nxh4 fxe5 33. Nf5 (33. Nf3 {simplifies} exd4 34. Qxe6+ Rxe6 35. Nxd4 Re3 36. Nf5) 33... Bg5 {[%emt 0:00:00] Inhibits d5.} 34. Re2 {[%emt 0:02:30] [#]} (34. Qxe5 Qxe5+ 35. dxe5 Bf4+ 36. Kg2 Bxe5 $17) (34. Rf2 {simplifies} exd4 35. Qxe6+ Rxe6 36. Nxd4 Re3 37. Rxb5 Bf6 38. g5) 34... b4 (34... exd4 $1 $15 {keeps the upper hand.} 35. Nxd4 (35. Qxe6+ Rxe6 36. Rxe6 dxc3 $17) 35... Qxe4 36. Rxe4 Rd5) 35. axb4 $16 (35. cxb4 $6 c3 $11) 35... axb4 (35... g6 $16) 36. Rxb4 $40 {[%emt 0:00:26][%mdl 128] Black needs to defend precisely.} (36. dxe5 $14 {might be stronger.} b3 37. h4 (37. Nd6 Ra6 $11)) 36... Rxb4 $11 37. cxb4 {[%emt 0:00:17] Hoping for h4.} c3 38. h4 (38. dxe5 $2 {perishes.} Rd2 39. Nd4 Qc4 40. Qa8+ Kh7 41. Qe4+ g6 42. Rxd2 cxd2 43. Qb7+ Kh6 $19) 38... Bd2 39. d5 {[%emt 0:00:13] Prevents g6.} Qd7 40. d6 Kh8 41. Qd5 (41. Qxe5 $2 {too greedy.} c2 42. Rxd2 c1=Q $19) (41. h5 $1 $14) 41... Bf4+ 42. Kh3 $1 Qa7 {[%emt 0:31:00] [#]} (42... g6 $1 $11 43. Ne7 Kg7) 43. Ne7 {[%emt 0:00:30] White has more active pieces.} ({White has to play} 43. Kg2 $1 $16) 43... Qg1 (43... c2 $1 $11 {remains equal.} 44. Rxc2 Qa3+ 45. Kg2 Qg3+ 46. Kf1 Qxg4) 44. Ng6+ (44. Qf3 $16 {Strongly threatening g5.} Qb1 45. g5 (45. Qxc3 $2 {is a self mate.} Qh1+)) 44... Kh7 {[%emt 0:00:00][%csl Gf4][%cal Rg1g3] The position is equal.} 45. Nxf4 {[%emt 0:01:00] Dancing on a razor blade.} (45. Nxe5 $2 Qg3#) 45... Qf1+ 46. Qg2 Qxf4 47. Qe4+ Qxe4 48. Rxe4 Rxd6 49. Rxe5 Rd3+ 50. Kg2 Rd4 51. Rc5 Rxg4+ 52. Kh3 Rxb4 {[%emt 0:00:00] Weighted Error Value: White=0.20 (precise) /Black=0.27 (precise)} 1/2-1/2